 Dungeon Crawl Stone Soup version 0.27.0-66-gdc8fb28755 (webtiles) character file.

Game seed: 9481071674535556134

20237 Malachi the Protected (level 12, -4/93 (98) HPs)
             Began as a Gnoll Wanderer on Aug 20, 2021.
             Was a High Priest of Ru.
             Killed from afar by a rime drake (8 damage)
             ... with a flash freeze
             ... on level 3 of the Lair of Beasts.
             The game lasted 00:24:32 (16269 turns).

Malachi the Protected (Gnoll Wanderer)             Turns: 16269, Time: 00:24:33

HP:   -4/93 (98)    AC: 14    Str: 13    XL:     12   Next: 77%
MP:   18/22         EV: 10    Int: 11    God:    Ru [*****.]
Gold: 635           SH: 10    Dex: 14    Spells: 24/24 levels left

rFire    + . .     SeeInvis +   B - +3 war axe (protect)
rCold    . . .     Faith    .   E - +0 kite shield
rNeg     . . .     Spirit   .   b - +2 scale mail
rPois    +         Reflect  .   (no helmet)
rElec    .         Harm     .   (no cloak)
rCorr    .         Rampage  .   (no gloves)
Will     .....                  r - +2 pair of boots
Stlth    +.........             (no amulet)
HPRegen  0.25/turn              e - ring of the Serpent {rPois rF+ Slay+3}
MPRegen  0.18/turn              w - ring of see invisible

@: exhausted, unable to drink, unable to read, drained, very slow
A: no potions, fangs 1, dopey 1, inability to drink while threatened, inability
to read while threatened, no earth magic, no hexes magic, no translocations
magic, unskilled 1, strong nose, distributed training
a: Renounce Religion, Draw Out Power, Power Leap, Apocalypse


You were on level 3 of the Lair of Beasts.
You worshipped Ru.
Ru was extremely pleased with you.
You visited 2 branches of the dungeon, and saw 12 of its levels.

You collected 635 gold pieces.

Inventory:

Hand Weapons
 a - a +1 hand axe of venom
 f - a +2 morningstar of holy wrath
 l - a +1 whip of freezing
 p - a +0 hand crossbow
 x - a +0 hunting sling
 B - a +3 war axe of protection (weapon)
Missiles
 h - 317 stones
 i - 123 arrows
 m - 83 poisoned darts
 o - 122 bolts
 v - 9 javelins (quivered)
 A - a curare-tipped dart
 J - a throwing net
Armour
 b - a +2 scale mail (worn)
 r - a +2 pair of boots (worn)
 z - a +0 troll leather armour
 E - a +0 kite shield (worn)
Jewellery
 e - the ring of the Serpent (left hand) {rPois rF+ Slay+3}
   (You acquired it on level 2 of the Dungeon)

   [ring of poison resistance]

   Slay:      It affects your accuracy & damage with ranged weapons and melee
   (+3).
   rF:        It protects you from fire.
   rPois:     It protects you from poison.
 w - a ring of see invisible (right hand)
 H - a ring of magical power
 I - a ring of ice
Wands
 j - a wand of flame (21)
 s - a wand of iceblast (6)
 u - a wand of polymorph (3)
 D - a wand of mindburst (3)
 F - a wand of paralysis (10)
Scrolls
 g - 2 scrolls of brand weapon
 k - 3 scrolls of enchant weapon
 n - 2 scrolls of blinking
 q - 11 scrolls of identify
 y - 5 scrolls of teleportation
 C - 3 scrolls of enchant armour
 M - a scroll of fear {unknown}
 N - a scroll of amnesia
Potions
 c - 2 potions of heal wounds
 d - 2 potions of resistance
 t - a potion of haste
 G - a potion of curing
 L - a potion of cancellation {unknown}
 O - a potion of attraction {unknown}


   Skills:
 + Level 10.4 Fighting
 + Level 6.9 Short Blades
 + Level 6.9 Long Blades
 + Level 6.9 Axes
 + Level 6.9 Maces & Flails
 + Level 6.9 Polearms
 + Level 6.9 Staves
 + Level 6.9 Slings
 + Level 6.9 Bows
 + Level 6.9 Crossbows
 + Level 7.4 Throwing
 + Level 10.4 Armour
 + Level 6.9 Dodging
 + Level 6.9 Stealth
 + Level 6.9 Shields
 + Level 6.9 Unarmed Combat
 + Level 6.9 Spellcasting
 + Level 5.7 Conjurations
   Level 0.0 Hexes
 + Level 5.7 Summonings
 + Level 5.7 Necromancy
   Level 0.0 Translocations
 + Level 5.7 Transmutations
 + Level 5.7 Fire Magic
 + Level 5.7 Ice Magic
 + Level 5.7 Air Magic
   Level 0.0 Earth Magic
 + Level 5.7 Poison Magic
 + Level 7.6 Invocations
 + Level 7.4 Evocations


You had 24 spell levels left.
You didn't know any spells.
Your spell library contained the following spells:

 Spells                   Type           Power      Damage    Failure   Level
 Pain                     Necr           64%        1d7       16%         1
 Static Discharge         Conj/Air       16%        N/A       24%         2
 Sublimation of Blood     Necr           8%         N/A       24%         2
 Wereblood                Tmut           16%        N/A       24%         2
 Call Canine Familiar     Summ           16%        N/A       43%         3
 Dispel Undead            Necr           16%        3d10      85%         4
 Sticky Flame             Conj/Fire      16%        2d4       85%         4
 Agony                    Necr           16%        N/A       99%         5
 Excruciating Wounds      Necr           8%         N/A       99%         5
 Fireball                 Conj/Fire      8%         3d6       99%         5
 Iskenderun's Battlesphe  Conj           16%        2d7       99%         5
 Lightning Bolt           Conj/Air       8%         1d20      99%         5
 Conjure Ball Lightning   Conj/Air       8%         3x3d6     100%        6
 Orb of Destruction       Conj           8%         9d4       100%        7
 Summon Hydra             Summ           8%         N/A       100%        7
 Maxwell's Capacitive Co  Air            8%         ∞         100%        8
 Portal Projectile        Hex/Tloc       Unusable   N/A       N/A         3
 Leda's Liquefaction      Hex/Erth       Unusable   N/A       N/A         4

Dungeon Overview and Level Annotations

Branches:
Dungeon (9/15)             Temple (0/1) D:5            Lair (3/6) D:9
  Swamp (0/4) Lair:3
  Snake: Lair:2-4    Spider: Lair:2-4       Orc: D:9-12

Altars:
Cheibriados
Elyvilon
Hepliaklqana
Nemelex Xobeh
Qazlal
Ru
Trog
Vehumet
Xom
The Shining One


Innate Abilities, Weirdness & Mutations

You cannot drink.
You have very sharp teeth.
You are dopey. (Int -2)
You sometimes lose the ability to drink potions when taking damage.
You sometimes lose the ability to read scrolls when taking damage.
You cannot study or cast Earth magic.
You cannot study or cast Hexes magic.
You cannot study or cast Translocations magic.
You are somewhat unskilled. (-1 Apt)
Your uncanny sense of smell can sniff out nearby items.
Your experience applies equally to all skills.


Message History

Press: ? - help, Dir - move target, p - catoblepas
Okay, then.
Aiming: Power Leap
Press: ? - help, Dir - move target, p - catoblepas Splash!
The rime drake bites you but does no damage.
The catoblepas gores you but does no damage.
The rime drake misses you.
Unknown command.
Unknown command.
Aiming: Iceblast
Press: ? - help, Shift-Dir - straight line
Okay, then.
Aiming: Mindburst
Press: ? - help, Shift-Dir - straight line, f - catoblepas
Aim: a catoblepas (almost dead, chance to affect: 25%)
The catoblepas resists with almost no effort.
The ice encasing you melts away.
The catoblepas breathes a plume of calcifying dust at you.
The blast of calcifying dust hits you but does no damage.
The rime drake breathes ice at you. The flash freeze hits you!
* * * LOW HITPOINT WARNING * * *
You are encased in ice.
You focus your inner power and illuminate the rime drake in retribution!
Unknown command.
You redirect the catoblepas's attack!
The catoblepas gores you.
* * * LOW HITPOINT WARNING * * *
You focus your inner power and blind the catoblepas in retribution!
You block the rime drake's attack.
The catoblepas breathes a plume of calcifying dust at you.
The blast of calcifying dust hits you but does no damage.
You block the rime drake's attack. The ice encasing you melts away.
You block the rime drake's attack.
The catoblepas begins to attack, but is stunned by your conviction!
The rime drake breathes ice at you. The flash freeze hits you!
You die...

###### #### #### #≈≈≈8 ≈≈≈# ≈≈≈≈≈
#≈≈≈## ≈≈≈##≈≈#≈≈ #≈≈≈≈ ≈≈≈#≈≈##≈
#≈≈≈ k≈≈k# ≈ #≈≈ #### # #§## ##.#
## ###########♣♣
♣≈§♣♣####♣♣.♣♣♣♣♣♣. P#.#...#.P#.♣
♣≈@§§≈≈≈♣≈♣♣≈≈≈≈≈♣♣
............♣♣♣≈≈kY≈≈≈≈≈≈≈≈≈≈≈≈≈.
.............♣♣♣≈≈≈≈≈≈P≈≈≈≈≈≈≈≈≈≈
..............♣♣♣♣♣≈≈♣♣♣≈P♣♣≈≈≈≈≈
..............♣ ♣♣♣♣♣♣♣♣♣♣≈≈≈P≈
............>.♣♣ ♣♣♣≈≈≈≈≈≈≈≈≈.
...............♣ ♣♣♣...≈≈≈≈≈≈≈..
#.#####.......♣♣ ♣.P..≈≈≈≈≈≈≈...
### #........♣ ♣♣♣P...≈≈≈≈≈.....


You could see a catoblepas (blind) and a rime drake (catching breath, corona).

Vanquished Creatures
  A hydra (Lair:2)
  A catoblepas (Lair:3)
  A two-headed ogre (D:9)
  2 death yaks (Lair:2)
  Pikel (D:4)
  An elephant (D:9)
  A cane toad (Lair:2)
  A black mamba (Lair:3)
  A torpor snail (Lair:2)
  The ghost of Descartes the Covert, a novice SpVM (D:5)
  A rime drake (Lair:3)
  3 komodo dragons
  A troll (D:6)
  A hornet (D:8)
  2 polar bears
  3 blink frogs (Lair:3)
  3 wyverns
  A steam dragon (D:9)
  29 yaks
  2 basilisks (D:9)
  An acid dragon (D:9)
  6 water moccasins
  Purgy (D:4)
  2 orc warriors
  A sky beast (D:5)
  A black bear (Lair:1)
  2 necrophages
  2 ogres
  2 lemures (D:4)
  27 wolves
  2 kobold brigands
  8 bullfrogs
  4 scorpions
  A water moccasin zombie (D:6)
  2 wyvern skeletons (D:5)
  2 water moccasin skeletons
  13 killer bees
  2 wights (D:7)
  4 howler monkeys
  3 electric eels
  A centaur zombie (D:5)
  4 hounds
  2 bullfrog skeletons
  3 centaur skeletons
  3 orc priests
  3 jellies
  Terence (D:3)
  2 iguanas
  Natasha (thrice) (D:2)
  4 orc wizards
  2 killer bee zombies
  A hound skeleton (D:5)
  A howler monkey skeleton (D:7)
  5 adders
  A white imp (D:7)
  An ufetubus (D:5)
  2 worms
  12 orcs
  5 endoplasms
  2 giant cockroaches
  7 hobgoblins
  6 jackals
  3 quokkas
  4 ball pythons
  3 bats
  5 frilled lizards
  3 goblins (D:1)
  15 kobolds
  3 rats
250 creatures vanquished.

Vanquished Creatures (others)
  A death yak (Lair:2)
  A cane toad (Lair:2)
  A komodo dragon (Lair:3)
  A polar bear (Lair:3)
  A blink frog (Lair:3)
  A yak (D:9)
  3 wolves
  A wight (D:7)
  12 fungi
  7 plants
  4 toadstools (Lair:3)
33 creatures vanquished.

Grand Total: 283 creatures vanquished

Notes
Turn   | Place    | Note
-------+----------+-------------------------------------------
     0 | D:1      | Malachi the Gnoll Wanderer began the quest for the Orb.
     0 | D:1      | Malachi set off with the following items: a +0 hand axe, a
                  | +2 scale mail, a +0 spear
     0 | D:1      | Reached XP level 1. HP: 26/26 MP: 1/1
   348 | D:1      | Reached XP level 2. HP: 33/33 MP: 2/2
   936 | D:1      | Found a faded altar of an unknown god.
   971 | D:1      | Became a worshipper of Ru the Awakened
   975 | D:1      | Gained mutation: You cannot study or cast Earth magic. [Ru
                  | sacrifice]
   975 | D:1      | Gained mutation: You cannot study or cast Hexes magic. [Ru
                  | sacrifice]
   975 | D:1      | Gained mutation: You cannot study or cast Translocations
                  | magic. [Ru sacrifice]
   975 | D:1      | Reached * piety under Ru
  1438 | D:2      | Noticed Natasha
  1439 | D:2      | Found a white marble altar of Elyvilon.
  1444 | D:2      | Killed Natasha
  1445 | D:2      | Reached skill level 1 in Invocations
  1445 | D:2      | Reached XP level 3. HP: 37/38 MP: 2/4
  1881 | D:2      | Noticed Natasha
  1885 | D:2      | Reached skill level 1 in Short Blades
  1885 | D:2      | Reached skill level 1 in Long Blades
  1885 | D:2      | Reached skill level 1 in Axes
  1885 | D:2      | Reached skill level 1 in Maces & Flails
  1885 | D:2      | Reached skill level 1 in Polearms
  1885 | D:2      | Reached skill level 1 in Staves
  1885 | D:2      | Reached skill level 1 in Slings
  1885 | D:2      | Reached skill level 1 in Bows
  1885 | D:2      | Reached skill level 1 in Crossbows
  1885 | D:2      | Reached skill level 1 in Dodging
  1885 | D:2      | Reached skill level 1 in Stealth
  1885 | D:2      | Reached skill level 1 in Shields
  1885 | D:2      | Reached skill level 1 in Unarmed Combat
  1885 | D:2      | Reached skill level 1 in Spellcasting
  1903 | D:2      | Killed Natasha
  1904 | D:2      | Reached XP level 4. HP: 10/45 MP: 5/5
  2446 | D:2      | Noticed Natasha
  2452 | D:2      | Killed Natasha
  2453 | D:2      | Reached skill level 1 in Conjurations
  2453 | D:2      | Reached skill level 1 in Summonings
  2453 | D:2      | Reached skill level 1 in Necromancy
  2453 | D:2      | Reached skill level 1 in Transmutations
  2453 | D:2      | Reached skill level 1 in Fire Magic
  2453 | D:2      | Reached skill level 1 in Ice Magic
  2453 | D:2      | Reached skill level 1 in Air Magic
  2453 | D:2      | Reached skill level 1 in Poison Magic
  2541 | D:2      | Identified a scroll of acquirement
  2541 | D:2      | Acquired the ring of the Serpent {rPois rF+ Slay+3}
  2737 | D:3      | Reached XP level 5. HP: 46/51 MP: 6/6
  3139 | D:3      | Noticed Terence
  3287 | D:3      | Killed Terence
  3580 | D:4      | Noticed a lemure
  3583 | D:4      | Noticed a lemure
  3589 | D:4      | Killed a lemure
  3595 | D:4      | Killed a lemure
  3605 | D:4      | Noticed Pikel
  3612 | D:4      | Noticed a lemure
  3614 | D:4      | Noticed a lemure
  3622 | D:4      | Killed Pikel
  3623 | D:4      | Reached XP level 6. HP: 21/57 MP: 7/9
  3623 | D:4      | Reached XP level 7. HP: 23/63 MP: 7/10
  3996 | D:4      | Noticed a wyvern
  4009 | D:4      | Killed a wyvern
  4010 | D:4      | Reached XP level 8. HP: 34/71 MP: 12/12
  4247 | D:4      | Noticed Purgy
  4259 | D:4      | Killed Purgy
  4477 | D:4      | Gained mutation: You sometimes lose the ability to drink
                  | potions when taking damage. [Ru sacrifice]
  4477 | D:4      | Reached ** piety under Ru
  4786 | D:5      | Entered Level 5 of the Dungeon
  4953 | D:5      | Found a radiant altar of Vehumet.
  5434 | D:5      | Found a staircase to the Ecumenical Temple.
  6075 | D:5      | Reached XP level 9. HP: 76/76 MP: 14/14
  6077 | D:5      | Found a runed translucent gate.
  6082 | D:5      | Found a runed translucent gate.
  6082 | D:5      | Found a runed translucent gate.
  6082 | D:5      | Noticed Descartes's ghost (novice SpVM)
  6120 | D:5      | Killed Descartes's ghost
  6339 | D:5      | Found a shimmering altar of Xom.
  6340 | D:5      | Found a hazy altar of Hepliaklqana.
  6341 | D:5      | Noticed a spectral ugly thing
  6637 | D:6      | Reached skill level 5 in Throwing
  6637 | D:6      | Reached skill level 5 in Evocations
  6778 | D:6      | Noticed a troll
  6811 | D:6      | Killed a troll
  7083 | D:6      | Found a bloodstained altar of Trog.
  7227 | D:6      | Reached skill level 5 in Invocations
  7308 | D:6      | Reached XP level 10. HP: 66/85 MP: 17/17
  7962 | D:7      | Reached skill level 5 in Short Blades
  7962 | D:7      | Reached skill level 5 in Long Blades
  7962 | D:7      | Reached skill level 5 in Axes
  7962 | D:7      | Reached skill level 5 in Maces & Flails
  7962 | D:7      | Reached skill level 5 in Polearms
  7962 | D:7      | Reached skill level 5 in Staves
  7962 | D:7      | Reached skill level 5 in Slings
  7962 | D:7      | Reached skill level 5 in Bows
  7962 | D:7      | Reached skill level 5 in Crossbows
  7962 | D:7      | Reached skill level 5 in Dodging
  7962 | D:7      | Reached skill level 5 in Stealth
  7962 | D:7      | Reached skill level 5 in Shields
  7962 | D:7      | Reached skill level 5 in Unarmed Combat
  7962 | D:7      | Reached skill level 5 in Spellcasting
  7963 | D:7      | Gained mutation: You are dopey. (Int -2) [Ru sacrifice]
  7963 | D:7      | Reached *** piety under Ru
  8421 | D:7      | Found a sparkling altar of Nemelex Xobeh.
  8564 | D:7      | Found a sacrificial altar of Ru.
  8974 | D:7      | Found a snail-covered altar of Cheibriados.
  9190 | D:8      | Reached skill level 10 in Fighting
  9190 | D:8      | Reached skill level 10 in Armour
  9811 | D:8      | Found a stormy altar of Qazlal.
  9911 | D:8      | Found a glowing golden altar of the Shining One.
 10030 | D:9      | Noticed a two-headed ogre
 10034 | D:9      | Killed a two-headed ogre
 10069 | D:9      | Reached XP level 11. HP: 77/91 MP: 19/19
 10337 | D:9      | Found a staircase to the Lair.
 10438 | D:9      | Reached skill level 5 in Conjurations
 10438 | D:9      | Reached skill level 5 in Summonings
 10438 | D:9      | Reached skill level 5 in Necromancy
 10438 | D:9      | Reached skill level 5 in Transmutations
 10438 | D:9      | Reached skill level 5 in Fire Magic
 10438 | D:9      | Reached skill level 5 in Ice Magic
 10438 | D:9      | Reached skill level 5 in Air Magic
 10438 | D:9      | Reached skill level 5 in Poison Magic
 10873 | D:9      | Gained mutation: You sometimes lose the ability to read
                  | scrolls when taking damage. [Ru sacrifice]
 10873 | D:9      | Reached **** piety under Ru
 10891 | D:9      | Found a white marble altar of Elyvilon.
 11630 | Lair:1   | Entered Level 1 of the Lair of Beasts
 11830 | Lair:1   | Found a stormy altar of Qazlal.
 11920 | Lair:1   | You fall into a shaft and drop 1 floor!
 12823 | Lair:2   | Noticed a five-headed hydra
 12829 | Lair:2   | Killed a five-headed hydra
 13222 | Lair:2   | Noticed a death yak
 13222 | Lair:2   | Noticed a death yak
 13255 | Lair:2   | Killed a death yak
 13255 | Lair:2   | HP: 2/92 [komodo dragon (16)]
 13647 | Lair:2   | Killed a death yak
 13648 | Lair:2   | Reached XP level 12. HP: 99/99 MP: 22/22
 13649 | Lair:2   | Noticed a death yak
 13661 | Lair:2   | Killed a death yak
 14620 | Lair:3   | Found a staircase to the Swamp.
 14656 | Lair:3   | Gained mutation: You are somewhat unskilled. (-1 Apt) [Ru
                  | sacrifice]
 14656 | Lair:3   | Reduced skill Fighting to level 10
 14656 | Lair:3   | Reduced skill Armour to level 10
 14656 | Lair:3   | Reached ***** piety under Ru
 15369 | Lair:3   | Noticed a catoblepas
 15369 | Lair:3   | Noticed a catoblepas
 15391 | Lair:3   | Found a runed translucent door.
 16212 | Lair:3   | Killed a catoblepas
 16268 | Lair:3   | HP: 3/93 [catoblepas (3)]
 16269 | Lair:3   | Killed from afar by a rime drake

Illustrated notes

Levels and vault maps discovered:
D:1:      elethiomel_arrival_infinity_welcomes_careful_drivers,
          layout_loops_ring, hellmonk_ecumenical_altar_inner_sanctum
D:2:      layout_basic, basic_altar, corexii_leaking_fountain, uniq_natasha
D:3:      layout_loops_ring, grunt_decor_resistance, uniq_terence
D:4:      layout_basic, uniq_pikel, uniq_purgy
D:5:      layout_layer_cave, regret_index_temple_of_mockery,
          vehumet_altar_wand_db, minmay_temple_entry_glassed_door,
          gammafunk_ghost_necromancy
D:6:      layout_rooms, general_overflow_altar
D:7:      layout_loops_corners, cheibriados_altar_1,
          nicolae_ru_the_path_less_chosen, nemelex_diamond_rough_becter
D:8:      minmay_klotski, layout_gridville, nicolae_qazlal_general_emergency,
          tso_metal_star, uniq_harold
D:9:      layout_gridville, mainiacjoe_overflow_tiny_flanked, david_lair_generic
Lair:1:   layout_roguey, nicolae_volcano_entry_vermiform, basic_altar,
          chequers_serial_rivers_micro_e, uniq_gastronok
Lair:2:   layout_cave_shapes, serial_bayou_shore_a
Lair:3:   gammafunk_lair_enchanted_lake, layout_chaotic_city,
          minmay_swamp_entry_reptiles, grunt_forest_large_clearings,
          serial_bayou_shore_b

Skill      XL: |  1  2  3  4  5  6  7  8  9 10 11 12 |
---------------+-------------------------------------+-----
Invocations    | 1 2 3 4 5 6 7 |  7.6
Short Blades   | 1 2 3 4 5 6 6 |  6.9
Long Blades    | 1 2 3 4 5 6 6 |  6.9
Axes           | 1 2 3 4 5 6 6 |  6.9
Maces & Flails | 1 2 3 4 5 6 6 |  6.9
Polearms       | 1 2 3 4 5 6 6 |  6.9
Staves         | 1 2 3 4 5 6 6 |  6.9
Slings         | 1 2 3 4 5 6 6 |  6.9
Bows           | 1 2 3 4 5 6 6 |  6.9
Crossbows      | 1 2 3 4 5 6 6 |  6.9
Dodging        | 1 2 3 4 5 6 6 |  6.9
Stealth        | 1 2 3 4 5 6 6 |  6.9
Shields        | 1 2 3 4 5 6 6 |  6.9
Unarmed Combat | 1 2 3 4 5 6 6 |  6.9
Spellcasting   | 1 2 3 4 5 6 6 |  6.9
Conjurations   | 1 2 3 4 5 |  5.7
Summonings     | 1 2 3 4 5 |  5.7
Necromancy     | 1 2 3 4 5 |  5.7
Transmutations | 1 2 3 4 5 |  5.7
Fire Magic     | 1 2 3 4 5 |  5.7
Ice Magic      | 1 2 3 4 5 |  5.7
Air Magic      | 1 2 3 4 5 |  5.7
Poison Magic   | 1 2 3 4 5 |  5.7
Throwing       | 3 4 5 6 7 |  7.4
Evocations     | 3 4 5 6 7 |  7.4
Fighting       | 9 10 10 | 10.4
Armour         | 9 10 10 | 10.4

Action                   |  1- 3 |  4- 6 |  7- 9 | 10-12 || total
-------------------------+-------+-------+-------+-------++-------
Melee: Hand axe          |    88 |    60 |   153 |    27 ||   328
       Bite              |     8 |     2 |    33 |    61 ||   104
       Unarmed           |       |     1 |       |       ||     1
       Morningstar       |       |       |    81 |     4 ||    85
       Punch             |       |       |     7 |     1 ||     8
       War axe           |       |       |       |   565 ||   565
 Fire: Hand crossbow     |       |       |     3 |       ||     3
Throw: Javelin           |       |       |     7 |       ||     7
Invok: Sacrifice Arcana  |     1 |       |       |       ||     1
       Sacrifice Drink   |       |       |     1 |       ||     1
       Sacrifice Purity  |       |       |       |     1 ||     1
       Power Leap        |       |       |       |    10 ||    10
       Sacrifice Words   |       |       |       |     1 ||     1
       Draw Out Power    |       |       |       |     2 ||     2
       Sacrifice Skill   |       |       |       |     1 ||     1
Evoke: Wand              |       |     1 |       |    29 ||    30
  Use: Scroll            |     3 |     6 |     4 |     4 ||    17
       Potion            |       |       |     2 |       ||     2
 Stab: Distracted        |       |       |     1 |     4 ||     5
       Sleeping          |       |       |     1 |     1 ||     2
       Invisible         |       |       |       |    12 ||    12
       Paralysed         |       |       |       |     1 ||     1
Armor: Scale mail        |    49 |    26 |   132 |   412 ||   619
Dodge: Dodged            |    48 |    22 |   115 |   333 ||   518
Block: Kite shield       |       |       |       |   355 ||   355
